AoeStats
← Titoxhn

Arena

510237530Analyzed
4v4 RM · 2d ago on Sep 30, 2026· 46m 25s· 8 players
Game mode
Random Map
Map size
Large (8 player)
Population
200
Speed
Normal
Resources
Standard
Victory
Conquest
Starting age
Dark Age
Ending age
Imperial Age
RankedLock teamsTeams togetherTeam positionsShared explorationLock speedFull tech treeHidden civsTurbo modeCheats
Victory
Defeat
🇨🇴 Varangians · Colombia
1168
+13
🇨🇴 Teutons · Colombia
1162
+14
🇨🇴 Burgundians · Colombia
1139
+15
🇨🇴 Spanish · Colombia
1131
+15
🇦🇷 Saracens · Argentina
1137
-15
🇰🇷 Persians · South Korea
1126
-15
🇲🇽 Chinese · Mexico
1097
-14
🇺🇸 Britons · United States
1082
-13
Titoxhn
0:30 Loom
11:26 Feudal Age
19:09 Castle Age
29:00 Double-Bit Axe
31:47 Horse Collar
32:41 Fletching
36:28 Imperial Age
33:59 Crossbowman
35:38 Bodkin Arrow
35:59 Thumb Ring
38:11 Wheelbarrow
37:52 Bodkin Arrow
41:44 Arbalester
42:39 Heated Shot
43:14 Padded Archer Armor
45:16 Scale Mail Armor
45:53 Leather Archer Armor
45:14 Pikeman
45:54 Squires
45:40 Arson
46:17 Chain Mail Armor
46:03 Bracer
LadenStone72050
0:36 Loom
10:54 Feudal Age
11:31 Double-Bit Axe
17:32 Castle Age
15:27 Horse Collar
18:32 Gold Mining
20:48 Gold Shaft Mining
22:25 Fervor
24:45 Forging
30:40 Town Watch
32:46 Wheelbarrow
32:55 Bimaristan
34:06 Iron Casting
34:42 Heavy Plow
36:35 Bow Saw
40:22 Hand Cart
40:54 Light Cavalry
45:12 Imperial Age
43:57 Bloodlines
43:48 Husbandry
45:28 Elite Mameluke
46:28 Conscription
47:11 Blast Furnace
46:17 Scale Barding Armor
47:40 Chemistry
Ay! Cabron
10:40 Feudal Age
14:48 Castle Age
12:36 Double-Bit Axe
13:08 Gold Mining
13:54 Fletching
14:34 Horse Collar
23:40 Bodkin Arrow
27:10 Loom
27:10 Town Watch
29:55 Town Patrol
30:34 Wheelbarrow
30:31 Forging
35:17 Imperial Age
33:13 Forging
33:58 Ballistics
34:36 Iron Casting
34:07 Pikeman
35:27 Bow Saw
35:26 Squires
36:04 Bracer
37:31 Chemistry
37:53 Padded Archer Armor
38:56 Elite Skirmisher
39:56 Leather Archer Armor
45:05 Sappers
45:42 Halberdier
Sophie_J
10:53 Feudal Age
14:37 Castle Age
12:38 Double-Bit Axe
13:08 Horse Collar
18:01 Loom
21:55 Wheelbarrow
21:27 Town Watch
23:38 Hand Cart
24:09 Gold Mining
24:10 Stone Mining
30:09 Imperial Age
28:33 Masonry
28:30 Scale Barding Armor
28:25 Scale Mail Armor
28:36 Forging
27:57 Pikeman
28:37 Squires
28:22 Arson
29:33 Gold Shaft Mining
29:24 Bow Saw
29:29 Murder Holes
29:56 Chain Barding Armor
31:29 Two-Man Saw
30:31 Heavy Plow
31:30 Stone Shaft Mining
31:15 Guilds
30:45 Halberdier
31:49 Husbandry
31:59 Bloodlines
31:09 Light Cavalry
31:10 Cavalier
32:35 Architecture
32:42 Iron Casting
32:22 Chain Mail Armor
32:42 Plate Barding Armor
32:54 Conscription
33:10 Hoardings
34:33 Blast Furnace
33:36 Capped Ram
35:06 Crop Rotation
34:23 Elite War Elephant
36:32 Citadels
36:20 Hussar
37:20 Savar
38:59 Hussar
42:27 Plate Mail Armor
41:58 Padded Archer Armor
41:48 Fletching
45:33 Kamandaran
Richi_Escarlata
10:27 Feudal Age
9:26 Loom
14:08 Castle Age
12:36 Double-Bit Axe
13:34 Horse Collar
21:27 Husbandry
23:16 Bloodlines
31:28 Imperial Age
29:21 Bow Saw
29:13 Heavy Plow
29:04 Gold Mining
29:05 Stone Mining
29:54 Coinage
31:05 Stone Shaft Mining
30:23 Fletching
30:43 Forging
30:38 Scale Barding Armor
31:05 Town Watch
31:36 Elite Skirmisher
33:42 Chemistry
32:58 Bodkin Arrow
33:03 Padded Archer Armor
34:22 Wheelbarrow
34:37 Ballistics
35:36 Two-Man Saw
36:23 Hand Cart
37:00 Conscription
37:16 Leather Archer Armor
37:13 Cavalier
39:43 Ring Archer Armor
39:34 Fortified Wall
43:05 Iron Casting
42:50 Chain Barding Armor
46:56 Bracer
Yoshi [ Paladin ]
6:31 Loom
9:06 Feudal Age
9:57 Town Watch
10:11 Double-Bit Axe
11:44 Fletching
22:29 Castle Age
20:40 Horse Collar
22:03 Gold Mining
23:43 Bow Saw
23:34 Heavy Plow
28:00 Wheelbarrow
33:44 Imperial Age
31:46 Squires
32:34 Bodkin Arrow
32:24 Pikeman
33:48 Padded Archer Armor
33:59 Forging
33:50 Scale Mail Armor
35:04 Ballistics
35:12 Conscription
36:10 Two-Man Saw
35:41 Crop Rotation
35:49 Hand Cart
36:32 Iron Casting
36:12 Leather Archer Armor
38:11 Chain Mail Armor
40:00 Heavy Mounted Crossbowman
40:49 Scale Barding Armor
43:03 Plate Mail Armor
43:33 Blast Furnace
43:40 Ring Archer Armor
43:10 Halberdier
Bullfrog_III
10:01 Feudal Age
9:13 Double-Bit Axe
12:22 Loom
13:11 Horse Collar
15:37 Castle Age
13:25 Horse Collar
14:16 Bow Saw
14:30 Gold Mining
15:17 Heavy Plow
19:54 Town Watch
22:40 Husbandry
23:22 Scale Barding Armor
22:57 Cavalier
24:23 Fervor
26:27 Chain Barding Armor
27:11 Forging
29:34 Crop Rotation
30:08 Two-Man Saw
30:18 Wheelbarrow
29:38 Stone Mining
34:03 Imperial Age
32:33 Padded Archer Armor
32:24 Fletching
33:44 Gold Shaft Mining
33:46 Stone Shaft Mining
32:34 Elite Skirmisher
33:37 Ballistics
34:09 Hand Cart
33:56 Town Patrol
34:44 Fortified Wall
34:40 Bodkin Arrow
35:01 Leather Archer Armor
37:46 Chemistry
37:38 Bracer
37:26 Light Cavalry
38:33 Conscription
38:14 Hussar
42:10 Burgundian Vineyards
45:22 Murder Holes
46:46 Plate Barding Armor
45:59 Treadmill Crane
Sir Toad
11:00 Feudal Age
15:40 Castle Age
13:33 Double-Bit Axe
16:50 Gold Mining
17:29 Bow Saw
17:05 Horse Collar
22:24 Stone Mining
23:42 Stone Shaft Mining
24:10 Heavy Plow
24:42 Scale Mail Armor
25:22 Loom
25:28 Town Watch
26:22 Wheelbarrow
29:57 Imperial Age
27:44 Hand Cart
28:25 Chain Mail Armor
27:59 Gambesons
31:40 Crop Rotation
32:27 Two-Man Saw
32:17 Conscription
32:55 Heavy Scorpion
33:55 Town Patrol
35:10 Chemistry
34:33 Ballistics
34:32 Masonry
36:12 Plate Mail Armor
36:06 Elite Varangian Guard
37:48 Squires
38:51 Forging
40:07 Iron Casting
40:48 Pikeman
45:51 Blast Furnace
46:43 Architecture
46:21 Siege Engineers
46:47 Architecture
Connection lost

Rejoining the realm…

Still unreachable

The connection could not be restored.

Session expired

The server has moved on; the page needs a fresh start.